 Dungeon Crawl Stone Soup version 0.28.0-43-g3370ac3207 (webtiles) character file.

Game seed: 2159668930365202089

264 sking99 the Gusty (level 6, -2/35 HPs)
             Began as a Tengu Air Elementalist on Mar 14, 2022.
             Was an Initiate of Sif Muna.
             Killed from afar by a steam dragon (17 damage)
             ... with a ball of steam
             ... on level 5 of the Dungeon.
             The game lasted 00:12:12 (7356 turns).

sking99 the Gusty (Tengu Air Elementalist)          Turns: 7356, Time: 00:12:12

Health: -2/35      AC:  4    Str:  8    XL:     6   Next: 19%
Magic:  11/11      EV: 14    Int: 17    God:    Sif Muna [......]
Gold:   153        SH:  0    Dex: 15    Spells: 4/11 levels left

rFire   . . .      SeeInvis .   p - staff of conjuration
rCold   . . .      Faith    .   (no shield)
rNeg    . . .      Spirit   .   r - +0 leather armour
rPois   .          Reflect  .   (helmet restricted)
rElec   .          Harm     .   (no cloak)
rCorr   .          Rampage  .   s - +0 pair of gloves
Will    .....                   (boots unavailable)
Stlth   ++........              (no amulet)
HPRegen 0.11/turn               (no ring)
MPRegen 0.12/turn               (no ring)

@: flying quickly and evasively, quick
A: beak, talons 3, nimble flight
a: Renounce Religion


You were on level 5 of the Dungeon.
You worshipped Sif Muna.
Sif Muna was noncommittal.
You visited 2 branches of the dungeon, and saw 6 of its levels.

You collected 186 gold pieces.
You spent 33 gold pieces at shops.

Inventory:

Hand Weapons
 e - a +2 dagger of speed
Armour
 r - a +0 leather armour (worn)
 s - a +0 pair of gloves (worn)
Magical Staves
 k - a staff of cold
 p - a staff of conjuration (weapon)
Wands
 o - a wand of charming (11)
 q - a wand of acid (5)
Scrolls
 a - a scroll of brand weapon {unknown}
 b - a scroll of amnesia {unknown}
 c - 2 scrolls of magic mapping
 h - a scroll of identify
 i - 6 scrolls of blinking {unknown}
 j - 2 scrolls of teleportation {unknown}
 l - a scroll of fog {unknown}
 m - 2 scrolls of immolation {unknown}
Potions
 d - 5 potions of heal wounds
 f - 3 potions of curing
 g - a potion of haste {unknown}
 n - 3 potions of berserk rage {unknown}
 t - a potion of magic {unknown}


   Skills:
 + Level 2.2 Fighting
 + Level 3.2 Dodging
 - Level 2.5 Stealth
 - Level 3.0 Spellcasting
 - Level 3.0 Conjurations
 + Level 6.0 Air Magic


You had 4 spell levels left.
You knew the following spells:

 Your Spells              Type           Power      Damage    Failure   Level
a - Shock                 Conj/Air       100%       1d9       4%          1
b - Static Discharge      Conj/Air       26%        N/A       6%          2
c - Airstrike             Air            11%        N/A       22%         4

Your spell library contained the following spells:

 Spells                   Type           Power      Damage    Failure   Level
 Swiftness                Air            22%        N/A       6%          3
 Animate Skeleton         Necr           4%         N/A       26%         1
 Pain                     Necr           8%         1d4       26%         1
 Vampiric Draining        Necr           2%         2d6       58%         3


Dungeon Overview and Level Annotations

Branches:
Dungeon (5/15)             Temple (1/1) D:4

Altars:
Ashenzari
Cheibriados
Dithmenos
Elyvilon
Fedhas
Gozag
Hepliaklqana
Kikubaaqudgha
Makhleb
Nemelex Xobeh
Okawaru
Qazlal
Ru
Sif Muna
Trog
Uskayaw
Vehumet
Wu Jian
Yredelemnul
Zin
The Shining One

Shops:
D:2 !   D:4 !


Innate Abilities, Weirdness & Mutations

You have a beak for a mouth.
You have claws for feet.
Your magical nature lets you fly swiftly and evasively.


Message History

You start resting.
Magic restored.
t - a red potion You see here a +0 mace.
Found an escape hatch in the floor.
There is an escape hatch in the floor here.
There is an escape hatch in the floor here.
The steam dragon hisses angrily.
Casting: Shock (safe; 4% risk of failure)
Confirm with . or Enter, or press ? or * to list all spells.
Aiming: Shock (safe; 4% risk of failure)
Press: ? - help, Shift-Dir - straight line, f - steam dragon
Aim: a steam dragon (74% to hit)
Okay, then.
Casting: Shock (safe; 4% risk of failure)
Confirm with . or Enter, or press ? or * to list all spells.
Aiming: Shock (safe; 4% risk of failure)
Press: ? - help, Shift-Dir - straight line, f - steam dragon
Aim: a steam dragon (74% to hit)
You feel a surge of power!
The zap hits the steam dragon.
The steam dragon is lightly wounded.
Casting: Shock (safe; 4% risk of failure)
Confirm with . or Enter, or press ? or * to list all spells.
Aiming: Shock (safe; 4% risk of failure)
Press: ? - help, Shift-Dir - straight line, f/p - steam dragon
Aim: a steam dragon (lightly wounded, 74% to hit)
You feel a surge of power!
The zap hits the steam dragon.
The steam dragon is moderately wounded.
The steam dragon breathes steam at you. The ball of steam hits you!!
Ouch! That really hurt!
The steam dragon breathes steam at you. The ball of steam hits you.
Really fly into that cloud of steam?
Uppercase [Y]es or [N]o only, please.
Really fly into that cloud of steam?
Okay, then.
The steam dragon breathes steam at you. The ball of steam hits you!
You die...

#####...####.## #..# ##.
#...........^### ##..## ##.#
##.............###D..D####.##
###............#.####....##
#.............## #...##
##..............# #...#
#.....).....§...# ##..D###
#..........§....###.##...##
#.........@......#.####§..#
#................#.# ##..#
#................#######..#
#<..............##.##..§...
####...............##.........
###.##..............>##.........
#...##...............##.........
##...##.........................
#..............................


There were no monsters in sight!

Vanquished Creatures
  A bullfrog zombie (D:5)
  A hound (D:5)
  An iguana (D:5)
  6 adders
  A white imp (D:4)
  An ufetubus (D:4)
  2 adder skeletons (D:4)
  A worm (D:2)
  5 dart slugs
  11 endoplasms
  4 giant cockroaches
  8 goblins
  4 hobgoblins
  8 jackals
  2 quokkas
  13 ball pythons
  2 bats
  3 frilled lizards
  14 kobolds
  A rat (D:3)
89 creatures vanquished.

Vanquished Creatures (others)
  2 plants (D:1)
2 creatures vanquished.

Grand Total: 91 creatures vanquished

Notes
Turn   | Place    | Note
-------+----------+-------------------------------------------
     0 | D:1      | sking99 the Tengu Air Elementalist began the quest for the
                  | Orb.
     0 | D:1      | Reached XP level 1. HP: 10/10 MP: 4/4
   106 | D:1      | Reached XP level 2. HP: 12/15 MP: 0/6
   314 | D:1      | Learned a level 2 spell: Static Discharge
   677 | D:1      | Reached XP level 3. HP: 14/19 MP: 4/7
  1266 | D:1      | Found a faded altar of an unknown god.
  1869 | D:2      | Reached XP level 4. HP: 24/24 MP: 6/8
  2256 | D:2      | Found Edolekk's Distillery.
  2262 | D:2      | Bought a potion of curing for 33 gold pieces
  2509 | D:3      | Learned a level 4 spell: Airstrike
  2864 | D:3      | Reached skill level 5 in Air Magic
  3221 | D:3      | Reached skill level 1 in Fighting
  3608 | D:3      | Gained mutation: Your magical nature lets you fly swiftly
                  | and evasively. [Tengu growth]
  3608 | D:3      | Reached XP level 5. HP: 29/29 MP: 8/10
  3897 | D:4      | Found Haarasie's Distillery.
  3959 | D:4      | Found a staircase to the Ecumenical Temple.
  3968 | Temple   | Entered the Ecumenical Temple
  4522 | Temple   | Became a worshipper of Sif Muna the Loreminder
  5998 | D:5      | Entered Level 5 of the Dungeon
  6517 | D:5      | Reached XP level 6. HP: 30/35 MP: 3/11
  6782 | D:5      | Noticed a steam dragon
  7212 | D:5      | Reached skill level 6 in Air Magic
  7356 | D:5      | Killed from afar by a steam dragon

Illustrated notes

Levels and vault maps discovered:
D:1:      dpeg_arrival_court, layout_loops_ring,
          hellmonk_ecumenical_altar_run_dry, serial_forest,
          infiniplex_forest_clump_tiny, infiniplex_forest_clump_cross,
          infiniplex_forest_straight_3, infiniplex_forest_end_3,
          chequers_mini_garden, nicolae_figureground_pulse
D:2:      layout_loops_ring, serial_shops, nicolae_shop_hallway_plus
D:3:      layout_loops_corners, minmay_snake_closets
D:4:      layout_layer_cave, minmay_temple_entry_purple_smoke, serial_shops,
          shop, chequers_jeans, minivault_1, minivault_19
D:5:      layout_layer_cave
Temple:   mainiacjoe_temple_starburst

Skill      XL: |  1  2  3  4  5  6 |
---------------+-------------------+-----
Conjurations   | 2 3 |  3.0
Air Magic      | 5 6 |  6.0
Fighting       | 1 2 |  2.2
Spellcasting   | 3 |  3.0
Dodging        | 3 |  3.2
Stealth        | |  2.5

Action                   |  1- 3 |  4- 6 || total
-------------------------+-------+-------++-------
 Cast: Shock             |    68 |   138 ||   206
  Use: Scroll            |       |     3 ||     3
Armor: Robe              |       |     3 ||     3
       Leather armour    |       |     3 ||     3
Dodge: Dodged            |     6 |    30 ||    36
